 Dungeon Crawl Stone Soup version 0.30.0-17-ge0270778cf (webtiles) character file.

Game seed: 2216233987974304463

7886 Groucho the Skirmisher (level 11, -6/84 HPs)
             Began as a Spriggan Hunter on May 22, 2023.
             Was a Believer of Sif Muna.
             Mangled by an orange demon (8 damage)
             ... led by Amaemon
             ... on level 8 of the Dungeon.
             The game lasted 00:33:36 (23908 turns).

Groucho the Skirmisher (Spriggan Hunter)           Turns: 23908, Time: 00:33:37

Health: -6/84      AC: 25    Str:  7    XL:     11   Next: 2%
Magic:  22/22      EV:  4    Int: 11    God:    Sif Muna [**....]
Gold:   910        SH:  0    Dex: 23    Spells: 23/23 levels left

rFire   + . .        a - +0 shortbow
rCold   x . .        (shield currently unavailable)
rNeg    . . .        c - melded +0 robe
rPois   +            (helmet currently unavailable)
rElec   +            q - melded +0 cloak
rCorr   .            (gloves unavailable)
SInv    +            (boots unavailable)
Will    +....        (no amulet)
Stlth   ++           j - ring of flight
HPRegen 0.34/turn    B - ring "Fuiczulo" {Fire rElec Slay+2}
MPRegen 0.18/turn

%: no passive effects
@: brilliant, lethally poisoned (-6 -> -13), tree-form
A: stationary, stasis, torment immunity, boosted hp, very small, no large
weapons, unfitting armour, see invisible, (speed 3)
a: Renounce Religion, Channel Magic


You were on level 8 of the Dungeon.
You worshipped Sif Muna.
Sif Muna was pleased with you.
You were a tree.
You visited 2 branches of the dungeon, and saw 10 of its levels.
You also visited: Bailey.

You collected 910 gold pieces.

Inventory:

Hand Weapons
 a - a +0 shortbow (weapon)
Missiles
 l - 4 curare-tipped darts
 v - 2 throwing nets
Armour
 c - a +0 robe (melded)
 q - a +0 cloak (melded)
Jewellery
 j - a ring of flight (left branch)
 B - the ring "Fuiczulo" (right branch) {Fire rElec Slay+2}
   (You found it on level 6 of the Dungeon)

   [ring of fire]

   It enhances your fire magic.
   Slay:      It affects your accuracy & damage with ranged weapons and melee
   (+2).
   rF:        It protects you from fire.
   rC:        It makes you vulnerable to cold.
   rElec:     It insulates you from electricity.
Wands
 p - a wand of polymorph (5)
 y - a wand of charming (7)
 I - a wand of iceblast (4)
Scrolls
 b - 2 scrolls of immolation
 d - a scroll of enchant weapon {unknown}
 f - 3 scrolls of noise {unknown}
 h - 18 scrolls of identify {unknown}
 i - a scroll of blinking {unknown}
 m - 5 scrolls of teleportation {unknown}
 t - 2 scrolls of fear {unknown}
 u - 3 scrolls of vulnerability {unknown}
 C - 2 scrolls of poison {unknown}
 D - 2 scrolls of torment {unknown}
 F - a scroll of fog {unknown}
 G - a scroll of silence {unknown}
 H - a scroll of enchant armour {unknown}
Potions
 e - a potion of lignification
 g - a potion of brilliance
 k - 2 potions of haste
 r - 2 potions of attraction
 s - 2 potions of invisibility {unknown}
 w - 5 potions of flight
 x - a potion of magic {unknown}
 z - a potion of berserk rage
 A - a potion of degeneration {unknown}
 E - a potion of mutation {unknown}


   Skills:
 + Level 6.2 Fighting
 * Level 11.6 Ranged Weapons
 + Level 9.8 Dodging
 - Level 1.5 Stealth
 + Level 6.8 Spellcasting
 + Level 5.6 Invocations


You had 23 spell levels left.
You didn't know any spells.
Your spell library contained the following spells:

 Spells                   Type           Power      Damage    Failure   Level
 Sandblast                Erth           10%        2d5       19%         1
 Passwall                 Tmut/Erth      4%         N/A       26%         2
 Sublimation of Blood     Necr           5%         N/A       26%         2
 Stone Arrow              Conj/Erth      10%        3d7       47%         3
 Petrify                  Tmut/Erth      5%         N/A       87%         4
 Irradiate                Conj/Tmut      2%         3d12      99%         5


Dungeon Overview and Level Annotations

Branches:
Dungeon (9/15)             Temple (1/1) D:5          Bailey (visited)
   Lair: D:8-11         Orc: D:9-12

Altars:
Ashenzari
Cheibriados
Dithmenos
Elyvilon
Fedhas
Gozag
Hepliaklqana
Kikubaaqudgha
Makhleb
Nemelex Xobeh
Okawaru
Qazlal
Sif Muna
Trog
Uskayaw
Vehumet
Wu Jian
Xom
Yredelemnul
Zin
The Shining One

Annotations:
D:8 Amaemon


Innate Abilities, Weirdness & Mutations

You are a tree.
Your roots penetrate the ground, keeping you stationary.
You cannot be teleported.
You are immune to unholy pain and torment.
Your maximum health is greatly increased.
Your equipment is partially melded.
You are very small and have problems with some larger weapons.
You are too small for most types of armour.
You have supernaturally acute eyesight. (SInv)
((You cover ground extremely quickly. (Speed+++)))


Message History

Unknown command.
Unknown command.
The orange demon screeches!
Amaemon shouts!
The orange demon misses you.
Things that are here:
a +0 chain mail; a +0 short sword The orange demon stings you from afar.
You are lethally poisoned!
The orange demon poisons you!
Things that are here:
a +0 flail; a +0 robe; a +0 dagger
* * * LOW HITPOINT WARNING * * *
You feel very sick.
There is an open door here.
* * * LOW HITPOINT WARNING * * *
You feel very sick.
Amaemon gestures at the orange demon while chanting.
The orange demon seems to grow toxic.
* * * LOW HITPOINT WARNING * * *
You feel very sick.
It was a potion of brilliance.
You feel clever all of a sudden.
* * * LOW HITPOINT WARNING * * *
You feel very sick.
Unknown command.
Unknown command.
* * * LOW HITPOINT WARNING * * *
You feel sick.
There is an open door here.
It was a potion of lignification.
You turn into a tree.
Your +0 cloak melds into your body.
Your +0 robe melds into your body.
Your roots penetrate the ground.
* * * LOW HITPOINT WARNING * * *
You feel very sick.
Unknown command.
You are too injured to fight recklessly!
You are too injured to fight recklessly!
* * * LOW HITPOINT WARNING * * *
You feel sick. The orange demon stings you from afar!
You die...

.#....#.#.......#...#............
..#..8#.#.......#...#............
#'####..#)......#...#............
............>...'...#............
..#.............#####...........#
..#.............#...##'##########
..#.............#....#.........#.
###.............#....#.........#<
#....#'##.......♣....#Y........#.
#....#..#.......#..###...##..####
#....#..#.......#.4###...##..#...
#....#..#.......#..6)[.......#...
#....#..#.......#..#.[.......#...
#....#..#.......#..#...Y.....#...
#....#..+.......#..#.........#...
#....####.......#..#.........')..
...###..#.......#..##...P..###...


You could see Amaemon, a death yak and an orange demon (curare).

Vanquished Creatures
  Pikel (D:7)
  An orc knight (Bailey)
  Joseph (D:8)
  The ghost of Mortifus the Chiller, a novice MfIE of Sif Muna (D:6)
  A hornet (D:7)
  Sigmund (D:3)
  9 yaks
  Grum (D:8)
  Menkaure (D:7)
  2 swamp worms (D:8)
  A water moccasin (D:4)
  10 orc warriors
  A black bear (D:3)
  7 ice beasts
  A sky beast (D:5)
  3 wolves (D:8)
  4 lemures (D:7)
  3 phantoms
  3 bullfrogs
  A gnoll sergeant (D:8)
  A scorpion (D:5)
  15 killer bees
  7 orc priests
  A jelly (D:7)
  5 hounds
  Crazy Yiuf (D:2)
  4 iguanas
  3 sleepcaps
  Terence (D:2)
  6 orc wizards
  2 bullfrog simulacra (D:6)
  2 adders
  8 gnolls
  A shadow imp (D:7)
  2 white imps
  An ufetubus (D:5)
  4 dart slugs
  44 orcs
  3 endoplasms
  2 giant cockroaches
  10 goblins
  7 hobgoblins
  7 jackals (D:1)
  20 kobolds
  4 quokkas
  3 ball pythons
  4 bats
  A frilled lizard (D:1)
  5 rats
227 creatures vanquished.

Notes
Turn   | Place    | Note
-------+----------+-------------------------------------------
     0 | D:1      | Groucho the Spriggan Hunter began the quest for the Orb.
     0 | D:1      | Reached XP level 1. HP: 10/10 MP: 2/2
   114 | D:1      | Reached XP level 2. HP: 13/15 MP: 3/3
  1347 | D:2      | Reached XP level 3. HP: 18/18 MP: 4/4
  1446 | D:2      | Reached skill level 5 in Ranged Weapons
  1515 | D:2      | Found a runed translucent door.
  1516 | D:2      | Noticed Crazy Yiuf
  1681 | D:2      | Noticed Terence
  1775 | D:2      | Killed Terence
  1776 | D:2      | Reached XP level 4. HP: 23/23 MP: 5/5
  2163 | D:2      | Killed Crazy Yiuf
  2693 | D:3      | Reached XP level 5. HP: 26/26 MP: 6/6
  2792 | D:3      | Found a basalt altar of Yredelemnul.
  2938 | D:3      | Noticed Sigmund
  3721 | D:3      | Killed Sigmund
  3722 | D:3      | Reached skill level 6 in Ranged Weapons
  3722 | D:3      | Reached XP level 6. HP: 15/32 MP: 7/7
  4171 | D:4      | Noticed an ice beast
  4761 | D:4      | Reached skill level 7 in Ranged Weapons
  4761 | D:4      | Reached skill level 5 in Dodging
  4761 | D:4      | Reached XP level 7. HP: 28/36 MP: 8/8
  6391 | D:5      | Entered Level 5 of the Dungeon
  6593 | D:5      | Found a staircase to the Ecumenical Temple.
  6780 | D:5      | Reached skill level 8 in Ranged Weapons
  6902 | D:5      | Found a shimmering blue altar of Sif Muna.
  6908 | D:5      | Became a worshipper of Sif Muna the Loreminder
  6922 | D:5      | Found a shadowy altar of Dithmenos.
  6922 | D:5      | Noticed a shadow
  6952 | D:5      | Reached XP level 8. HP: 34/42 MP: 9/9
  7210 | D:5      | Found a hazy altar of Hepliaklqana.
  7581 | Temple   | Entered the Ecumenical Temple
  7696 | D:5      | Reached skill level 1 in Spellcasting
  7696 | D:5      | Reached skill level 1 in Invocations
  8649 | D:6      | Found a glowing silver altar of Zin.
  8650 | D:6      | Found a runed translucent gate.
  8650 | D:6      | Found a runed translucent gate.
  8650 | D:6      | Found a runed translucent gate.
  8679 | D:6      | Noticed Mortifus's ghost (novice MfIE)
  9198 | D:6      | Noticed Maggie
  9240 | D:6      | Maggie changed into Maggie the sky beast
  9240 | D:6      | Noticed Maggie
  9339 | D:5      | Killed Maggie the sky beast
 11191 | D:6      | Reached skill level 9 in Ranged Weapons
 11534 | D:6      | Killed Mortifus's ghost
 11535 | D:6      | Reached XP level 9. HP: 46/46 MP: 13/15
 11612 | D:6      | Got the ring "Fuiczulo" {Fire rElec Slay+2}
 11655 | D:7      | Found a bloodstained altar of Trog.
 11774 | D:7      | Noticed Pikel
 11951 | D:7      | Killed Pikel
 12046 | D:7      | Reached skill level 5 in Fighting
 12270 | D:7      | Noticed Menkaure
 12279 | D:7      | Killed Menkaure
 12367 | D:7      | Found a flagged portal.
 12374 | Bailey   | Entered a bailey
 12381 | Bailey   | Noticed an orc knight
 12513 | Bailey   | Reached skill level 10 in Ranged Weapons
 13059 | Bailey   | Reached * piety under Sif Muna
 13232 | Bailey   | Killed an orc knight
 13233 | Bailey   | Reached skill level 5 in Spellcasting
 13233 | Bailey   | Reached XP level 10. HP: 51/51 MP: 18/18
 16137 | D:8      | Found an opulent altar of Gozag.
 16253 | D:8      | Noticed Joseph
 16325 | D:9      | Noticed a death yak
 16328 | D:9      | Noticed a death yak
 18598 | D:8      | Killed Joseph
 18599 | D:8      | Reached skill level 11 in Ranged Weapons
 18599 | D:8      | Reached skill level 5 in Invocations
 21346 | D:8      | Found a blossoming altar of Fedhas.
 22282 | D:8      | Reached ** piety under Sif Muna
 22706 | D:8      | Noticed an orange demon
 22710 | D:8      | Noticed Amaemon
 23316 | D:8      | Noticed Grum
 23394 | D:8      | Reached XP level 11. HP: 45/56 MP: 22/22
 23712 | D:8      | Killed Grum
 23907 | D:8      | HP: 3/84 [poisoned by an orange demon]
 23908 | D:8      | Mangled by an orange demon

Illustrated notes

Levels and vault maps discovered:
D:1:      scummos_arrival_hexagon, layout_loops_ring
D:2:      layout_basic, uniq_crazy_yiuf_cottage, uniq_terence
D:3:      layout_basic, lemuel_crystal_altar, uniq_sigmund
D:4:      layout_basic
D:5:      layout_basic, mainiacjoe_overflow_boulevard,
          riverfiend_overflow_shadow_ancestor, temple_pool_b,
          kennysheep_decorative_pillar
D:6:      layout_basic, mainiacjoe_overflow_chevrons, gammafunk_ghost_icy,
          uniq_maggie
D:7:      layout_basic, lemuel_crystal_altar, enter_bailey_3, uniq_menkaure,
          uniq_pikel
D:8:      layout_gridville, mainiacjoe_overflow_small_starburst, fedhas_altar_3,
          special_room [special_room_orc], minmay_misc_feat_diagonals,
          minivault_1, worms_lemuel, uniq_joseph, uniq_amaemon, uniq_grum
D:9:      layout_basic, mainiacjoe_overflow_paths, dpeg_lair_monsters,
          david_orc_4, uniq_erolcha
Temple:   cyrus_circular_temple

Skill      XL: |  1  2  3  4  5  6  7  8  9 10 |
---------------+-------------------------------+-----
Ranged Weapons | 5 6 7 8 9 10 11 | 11.6
Fighting       | 2 3 4 5 6 |  6.2
Dodging        | 3 4 5 6 7 8 9 |  9.8
Spellcasting   | 3 5 6 |  6.8
Invocations    | 2 4 5 |  5.6
Stealth        | |  1.5

Action                     |  1- 3 |  4- 6 |  7- 9 | 10-12 || total
---------------------------+-------+-------+-------+-------++-------
   Fire: Shortbow          |   114 |   118 |   619 |   476 ||  1327
  Evoke: Wand              |       |       |     3 |       ||     3
    Use: Potion            |       |       |     2 |     9 ||    11
 Armour: Robe              |     3 |     7 |    19 |    13 ||    42
  Dodge: Dodged            |    62 |    51 |   137 |   338 ||   588
